 Dungeon Crawl Stone Soup version 0.28-a0-1520-gc3277d3759 (webtiles) character file.

Game seed: 9359062014200596993

3732 wilfster70 the Summoner (level 10, -7/74 HPs)
             Began as a Gnoll Summoner on Jan 17, 2022.
             Was an Initiate of Gozag.
             Mangled by an orc warlord (28 damage)
             ... in a bailey.
             The game lasted 00:41:47 (12495 turns).

wilfster70 the Summoner (Gnoll Summoner)           Turns: 12495, Time: 00:41:48

Health: -7/74      AC:  4    Str:  8    XL:     10   Next: 14%
Magic:  0/20       EV: 14    Int: 18    God:    Gozag
Gold:   826        SH:  0    Dex: 13    Spells: 9/23 levels left

rFire   + . .      SeeInvis .   b - +7 Throatcutter {drain, coup de grace}
rCold   . . .      Faith    .   (no shield)
rNeg    . . .      Spirit   .   p - +1 robe
rPois   +          Reflect  .   (no helmet)
rElec   .          Harm     .   (no cloak)
rCorr   .          Rampage  .   (no gloves)
Will    .....                   t - +0 pair of boots
Stlth   +++.......              (no amulet)
HPRegen 0.22/turn               l - ring of protection from fire
MPRegen 0.17/turn               n - ring of poison resistance

@: very slightly contaminated
A: fangs 1, strong nose, distributed training
a: Renounce Religion, Potion Petition, Call Merchant, Bribe Branch


You were in a bailey.
You worshipped Gozag.
Gozag was pleased with you.
You visited 1 branch of the dungeon, and saw 8 of its levels.
You also visited: Bailey.

You collected 944 gold pieces.
You spent 42 gold pieces at shops.
You paid 76 gold pieces to Gozag.

Inventory:

Hand Weapons
 a - a +1 short sword of electrocution
 b - the +7 Throatcutter (weapon) {drain, coup de grace}
   (You found it on level 7 of the Dungeon)

   A truly terrible weapon, it drains the life of any living foe it strikes.
   It may instantly kill foes which have little health.
Missiles
 e - 17 poisoned darts
Armour
 p - a +1 robe (worn)
 t - a +0 pair of boots (worn)
Jewellery
 l - a ring of protection from fire (left hand)
 n - a ring of poison resistance (right hand)
Wands
 w - a wand of iceblast (8)
Scrolls
 f - 2 scrolls of teleportation
 h - a scroll of immolation
 i - a scroll of blinking
 j - 3 scrolls of fog {unknown}
 k - 3 scrolls of amnesia
 r - a scroll of identify
 u - a scroll of enchant weapon {unknown}
 y - 2 scrolls of fear
Potions
 c - 4 potions of mutation
 d - 6 potions of curing
 g - a potion of invisibility {unknown}
 m - a potion of magic {unknown}
 o - a potion of haste {unknown}
 q - 2 potions of ambrosia {unknown}
 s - a potion of brilliance
 v - 3 potions of heal wounds
 x - a potion of resistance {unknown}


   Skills:
 + Level 5.0 Fighting
 + Level 5.0 Short Blades
 + Level 5.0 Long Blades
 + Level 5.0 Axes
 + Level 5.0 Maces & Flails
 + Level 5.0 Polearms
 + Level 5.0 Staves
 + Level 5.0 Slings
 + Level 5.0 Bows
 + Level 5.0 Crossbows
 + Level 5.0 Throwing
 + Level 5.0 Armour
 + Level 6.8 Dodging
 + Level 6.6 Stealth
 + Level 5.0 Shields
 + Level 5.0 Unarmed Combat
 + Level 7.1 Spellcasting
 + Level 4.1 Conjurations
 + Level 4.1 Hexes
 + Level 8.3 Summonings
 + Level 4.1 Necromancy
 + Level 4.1 Translocations
 + Level 4.1 Transmutations
 + Level 4.1 Fire Magic
 + Level 4.1 Ice Magic
 + Level 4.1 Air Magic
 + Level 4.1 Earth Magic
 + Level 4.1 Poison Magic
 + Level 5.5 Invocations
 + Level 5.0 Evocations


You had 9 spell levels left.
You knew the following spells:

 Your Spells              Type           Power      Damage    Failure   Level
a - Summon Guardian Gole  Hex/Summ       28%        N/A       2%          3
b - Call Imp              Summ           36%        N/A       1%          2
c - Call Canine Familiar  Summ           36%        N/A       1%          3
d - Poisonous Vapours     Pois/Air       42%        N/A       3%          2
e - Summon Lightning Spi  Summ/Air       28%        N/A       9%          4

Your spell library contained the following spells:

 Spells                   Type           Power      Damage    Failure   Level
 Magic Dart               Conj           84%        1d7       1%          1
 Summon Small Mammal      Summ           100%       N/A       1%          1
 Corpse Rot               Necr/Air       42%        N/A       3%          2
 Ensorcelled Hibernation  Hex/Ice        42%        N/A       3%          2
 Searing Ray              Conj           42%        2d6       3%          2
 Frozen Ramparts          Ice            42%        1d6       6%          3
 Mephitic Cloud           Conj/Pois/Air  21%        N/A       6%          3
 Spider Form              Tmut/Pois      21%        N/A       6%          3
 Tukima's Dance           Hex            21%        N/A       6%          3
 Anguish                  Hex/Necr       10%        N/A       19%         4
 Flame Wave               Conj/Fire      21%        2d6       19%         4
 Enfeeble                 Hex            10%        N/A       100%        7
 Orb of Destruction       Conj           10%        9d6       100%        7
 Spellforged Servitor     Conj/Summ      14%        N/A       100%        7


Dungeon Overview and Level Annotations

Branches:
Dungeon (8/15)             Temple (0/1) D:6          Bailey (1/1)
   Lair: D:8-11

Altars:
Elyvilon
Fedhas
Gozag
Makhleb

Shops:
D:1 [   D:2 [[(:   D:4 ?

Annotations:
D:7 2 transporters, NigelTetley's ghost, novice FoFi


Innate Abilities, Weirdness & Mutations

You have very sharp teeth.
Your uncanny sense of smell can sniff out nearby items.
Your experience applies equally to all skills.


Message History

The orc warlord hits you with a +0 war axe!
You hit the orc warlord. You drain the orc warlord.
Your bite misses the orc warlord.
The orc warlord is heavily wounded.
The orc warlord barely misses you.
The orc warlord hits you with a +0 war axe!
Casting: Summon Lightning Spire (dangerous; 9% risk of failure)
Confirm with . or Enter, or press ? or * to list all spells.
An electric hum fills the air.
The orc warlord closely misses you.
The orc warlord hits you with a +0 war axe.
The orc warlord hits your lightning spire with a +0 war axe.
Your lightning spire shoots out a bolt of lightning at the orc warlord!
The bolt of electricity hits the orc warlord! x2
Casting: Summon Lightning Spire (dangerous; 9% risk of failure)
Confirm with . or Enter, or press ? or * to list all spells.
The orc warlord hits your lightning spire with a +0 war axe!
The orc warlord misses you.
The orc warlord hits your lightning spire with a +0 war axe!!
Your lightning spire is destroyed!
Your lightning spire disappears in a puff of smoke!
Casting: Call Canine Familiar (safe; 1% risk of failure)
Confirm with . or Enter, or press ? or * to list all spells.
Your wolf disappears in a puff of smoke!
Your hound closely misses the orc warlord.
Your hound closely misses the orc warlord.
Things that are here:
a +0 hand axe; a +0 leather armour Your hound bites the orc warlord.
Casting: Call Canine Familiar (safe; 1% risk of failure)
Confirm with . or Enter, or press ? or * to list all spells.
Your hound disappears in a puff of smoke!
Casting: Call Canine Familiar (safe; 1% risk of failure)
Confirm with . or Enter, or press ? or * to list all spells.
You miscast Summon Lightning Spire.
You are very lightly contaminated with residual magic.
Electricity courses through your body.
* * * LOW HITPOINT WARNING * * *
The orc warlord hits you with a +0 war axe!!
You die...
Your body crumbles into a pile of gold.

##### ##### ##...##
##...# ##.....## ##.....
##.......#######......
##..8h.8.).........8..8
#.....)o.).)...........
#.....@................
#...8......#'''#......8
##.....)####≈≈≈####....
♣##.....#≈≈≈≈≈≈$≈≈#....
♣.##....#≈.8...8.≈#....
♣♣..###'###.......###'##
♣...≈≈≈.# ≈.8...8.≈ #.≈≈
♣...≈≈≈.#≈.........≈#.≈≈
∩...≈≈≈.#≈....∩....≈#.≈≈


You could see an orc warlord (drained, ally target) and a friendly hound
(summoned).

Vanquished Creatures
  A steam dragon (D:7)
  A water moccasin (D:8)
  2 orc warriors (Bailey)
  A kobold brigand (D:7)
  2 phantoms (D:6)
  A bullfrog (D:6)
  A scorpion (D:6)
  A bullfrog zombie (D:5)
  3 hounds
  A gnoll shaman (D:7)
  2 centaur skeletons
  Natasha (twice) (D:3)
  An orc wizard (D:7)
  A scorpion zombie (D:5)
  3 adders
  6 gnolls
  An ufetubus (D:6)
  A dart slug (D:3)
  8 orcs
  3 bats (D:3)
  2 endoplasms
  3 giant cockroaches
  8 hobgoblins
  2 jackals (D:5)
  4 ball pythons
  A frilled lizard (D:2)
  9 goblins
  3 kobolds
  6 rats
80 creatures vanquished.

Vanquished Creatures (collateral kills)
  Grinder (D:6)
  A wraith (D:8)
  A steam dragon (D:7)
  2 orc warriors (Bailey)
  An ice beast (D:5)
  A sky beast (D:6)
  2 necrophages
  An ogre (D:3)
  A centaur (D:7)
  A phantom (D:4)
  Dowan (D:5)
  3 howler monkeys
  A centaur zombie (D:8)
  2 orc priests (D:7)
  An orc wizard (D:7)
  Natasha (D:3)
  An iguana (D:5)
  Robin (D:4)
  4 gnolls
  2 adders
  A white imp (D:7)
  An adder skeleton (D:2)
  4 worms
  3 dart slugs
  11 orcs
  2 ball pythons (D:1)
  6 endoplasms
  3 giant cockroaches
  17 goblins
  4 hobgoblins
  A jackal (D:5)
  2 quokkas
  A bat (D:2)
  17 kobolds
  A quokka skeleton (D:4)
103 creatures vanquished.

Vanquished Creatures (others)
  A kraken (D:1)
  A ghoul (D:1)
  Sigmund (D:4)
  A human (D:1)
  A naga (D:1)
  Duvessa (D:5)
  A demigod (D:1)
  An orc warrior (D:7)
  A black bear (D:6)
  An ice beast (D:7)
  2 tengu (D:1)
  An ogre (D:5)
  A centaur (D:6)
  A jelly (D:7)
  An iguana (D:5)
  6 gnolls
  2 plants (D:7)
  5 tentacles (D:1)
29 creatures vanquished.

Grand Total: 212 creatures vanquished

Notes
Turn   | Place    | Note
-------+----------+-------------------------------------------
     0 | D:1      | wilfster70 the Gnoll Summoner began the quest for the Orb.
     0 | D:1      | Reached XP level 1. HP: 13/13 MP: 6/6
     2 | D:1      | Noticed a ghoul
     2 | D:1      | Noticed a naga
     2 | D:1      | Noticed a ghoul
     2 | D:1      | Noticed a dwarf
     2 | D:1      | Noticed a demigod
     2 | D:1      | Noticed a kraken
     2 | D:1      | Noticed a vine stalker
     2 | D:1      | Noticed a tengu
     2 | D:1      | Noticed an ogre
     2 | D:1      | Noticed a human
     2 | D:1      | Noticed a tengu
     2 | D:1      | Noticed a vine stalker
     2 | D:1      | Noticed a tengu
     3 | D:1      | Killed a naga
     7 | D:1      | Killed a tengu
     8 | D:1      | Killed a tengu
     9 | D:1      | Killed a demigod
    12 | D:1      | Killed a ghoul
    12 | D:1      | Killed a human
    13 | D:1      | Killed a kraken
   207 | D:1      | Reached XP level 2. HP: 6/19 MP: 4/7
   209 | D:1      | Found Woeklurgh's Armour Shop.
   246 | D:1      | Learned a level 2 spell: Call Imp
   480 | D:1      | Found a faded altar of an unknown god.
  1123 | D:1      | Reached XP level 3. HP: 25/25 MP: 6/9
  1208 | D:1      | Reached skill level 5 in Spellcasting
  1581 | D:2      | Found Boceodiof's Antique Weapon Emporium.
  1601 | D:2      | Reached skill level 1 in Invocations
  1667 | D:2      | Learned a level 3 spell: Call Canine Familiar
  1955 | D:2      | Reached skill level 1 in Fighting
  1955 | D:2      | Reached skill level 1 in Short Blades
  1955 | D:2      | Reached skill level 1 in Long Blades
  1955 | D:2      | Reached skill level 1 in Axes
  1955 | D:2      | Reached skill level 1 in Maces & Flails
  1955 | D:2      | Reached skill level 1 in Polearms
  1955 | D:2      | Reached skill level 1 in Staves
  1955 | D:2      | Reached skill level 1 in Slings
  1955 | D:2      | Reached skill level 1 in Bows
  1955 | D:2      | Reached skill level 1 in Crossbows
  1955 | D:2      | Reached skill level 1 in Throwing
  1955 | D:2      | Reached skill level 1 in Armour
  1955 | D:2      | Reached skill level 1 in Shields
  1955 | D:2      | Reached skill level 1 in Unarmed Combat
  1955 | D:2      | Reached skill level 1 in Evocations
  2094 | D:2      | Found Hobagg's Armour Boutique.
  2132 | D:2      | Reached XP level 4. HP: 32/32 MP: 11/11
  2155 | D:2      | Found Wass's Antique Armour Emporium.
  2187 | D:2      | Found Jaonobagra's Book Shoppe.
  2972 | D:3      | Found a burning altar of Makhleb.
  3141 | D:3      | Learned a level 3 spell: Summon Guardian Golem
  3155 | D:3      | Reached skill level 1 in Conjurations
  3155 | D:3      | Reached skill level 1 in Hexes
  3155 | D:3      | Reached skill level 1 in Necromancy
  3155 | D:3      | Reached skill level 1 in Translocations
  3155 | D:3      | Reached skill level 1 in Transmutations
  3155 | D:3      | Reached skill level 1 in Fire Magic
  3155 | D:3      | Reached skill level 1 in Ice Magic
  3155 | D:3      | Reached skill level 1 in Air Magic
  3155 | D:3      | Reached skill level 1 in Earth Magic
  3155 | D:3      | Reached skill level 1 in Poison Magic
  3433 | D:3      | Reached XP level 5. HP: 37/37 MP: 10/12
  4148 | D:4      | Noticed Natasha
  4148 | D:4      | Noticed an ogre
  4167 | D:3      | Killed an ogre
  4174 | D:3      | Reached XP level 6. HP: 15/44 MP: 9/13
  5294 | D:4      | Reached skill level 5 in Dodging
  5375 | D:4      | Noticed Robin
  5517 | D:3      | Killed Natasha
  5752 | D:3      | Found a burning altar of Makhleb.
  5828 | D:3      | Noticed Natasha
  5845 | D:3      | Killed Natasha
  6305 | D:3      | Noticed Natasha
  6316 | D:3      | Killed Natasha
  6352 | D:4      | Found Nukusch's Magic Scroll Boutique.
  6363 | D:4      | Bought a scroll of teleportation for 42 gold pieces
  6379 | D:4      | Noticed Sigmund
  6417 | D:4      | Killed Sigmund
  6418 | D:4      | Reached XP level 7. HP: 45/51 MP: 3/15
  6438 | D:4      | Identified a scroll of acquirement
  6438 | D:4      | Acquired the Reference Book on the Frostbite and
                  | Confrontation
  6549 | D:4      | Killed Robin
  6764 | D:4      | Reached skill level 5 in Stealth
  6863 | D:5      | Entered Level 5 of the Dungeon
  7278 | D:5      | Noticed Duvessa
  7347 | D:4      | Learned a level 2 spell: Poisonous Vapours
  7350 | D:5      | Noticed Dowan
  7682 | D:5      | Killed Duvessa
  7683 | D:5      | Reached XP level 8. HP: 57/57 MP: 12/16
  8442 | D:5      | Killed Dowan
  8868 | D:6      | Found an opulent altar of Gozag.
  8900 | D:6      | Became a worshipper of Gozag Ym Sagoz the Greedy
  8912 | D:6      | Found a staircase to the Ecumenical Temple.
  8912 | D:6      | Noticed Grinder
  8927 | D:6      | Paralysed by Grinder for 4 turns
  8934 | D:6      | Paralysed by Grinder for 2 turns
  8964 | D:6      | Killed Grinder
  9167 | D:6      | Reached XP level 9. HP: 36/65 MP: 14/18
  9474 | D:6      | Found a white marble altar of Elyvilon.
 10016 | D:6      | Learned a level 4 spell: Summon Lightning Spire
 10488 | D:7      | Found a transporter.
 10523 | D:7      | Reached skill level 8 in Summonings
 10662 | D:7      | Noticed NigelTetley's ghost (novice FoFi)
 10688 | D:7      | Found the +7 Throatcutter {drain, coup de grace}
 11292 | D:7      | Reached skill level 5 in Invocations
 11497 | D:7      | Found a blossoming altar of Fedhas.
 11703 | D:7      | Found a transporter.
 11939 | D:8      | Reached XP level 10. HP: 57/73 MP: 15/20
 11974 | D:8      | Found a flagged portal.
 11981 | Bailey   | Entered a bailey
 11990 | Bailey   | Noticed an orc warlord
 12213 | Bailey   | Found a runed translucent gate.
 12213 | Bailey   | Found a runed translucent gate.
 12223 | Bailey   | Found a runed translucent gate.
 12236 | Bailey   | Reached skill level 5 in Fighting
 12236 | Bailey   | Reached skill level 5 in Short Blades
 12236 | Bailey   | Reached skill level 5 in Long Blades
 12236 | Bailey   | Reached skill level 5 in Axes
 12236 | Bailey   | Reached skill level 5 in Maces & Flails
 12236 | Bailey   | Reached skill level 5 in Polearms
 12236 | Bailey   | Reached skill level 5 in Staves
 12236 | Bailey   | Reached skill level 5 in Slings
 12236 | Bailey   | Reached skill level 5 in Bows
 12236 | Bailey   | Reached skill level 5 in Crossbows
 12236 | Bailey   | Reached skill level 5 in Throwing
 12236 | Bailey   | Reached skill level 5 in Armour
 12236 | Bailey   | Reached skill level 5 in Shields
 12236 | Bailey   | Reached skill level 5 in Unarmed Combat
 12236 | Bailey   | Reached skill level 5 in Evocations
 12495 | Bailey   | Mangled by an orc warlord

Illustrated notes

Levels and vault maps discovered:
D:1:      nicolae_arrival_kraken_aquarium_b, layout_loops_ring, serial_shops,
          shop, ebering_ecumenical_altar_webs, roderic_serpentine_path
D:2:      layout_loops_ring, serial_shops, shop, nicolae_shop_trees,
          nicolae_shop_hallway_plus, nicolae_shop_advertising_works
          [nicolae_subvault_shop_adworks]
D:3:      cheibrodos_helix_gallery, layout_loops_corners,
          mainiacjoe_overflow_cross_hatched, minmay_curled_crystal
D:4:      layout_rooms, serial_shops, nicolae_shop_hallway_stairs, uniq_natasha,
          uniq_robin, uniq_sigmund
D:5:      layout_loops_ring, uniq_duvessa
D:6:      layout_cave_pods, mainiacjoe_overflow_catwalk, elyvilon_altar_5,
          temple_green, gup_sewer_entry_bowl, minmay_circle_x, uniq_grinder
D:7:      layout_basic, fedhas_altar_3, gammafunk_ghost_stat_death
D:8:      layout_cave_pools, grunt_temple_overflow_holy_war,
          mainiacjoe_overflow_six_doors_small, serial_shops, shop,
          enter_bailey_3, roderic_roman_lattice, corexii_corridor_pit,
          minmay_misc_feat_roman, roderic_cross_of_infinity, uniq_joseph,
          uniq_harold
Bailey:   bailey_axe_bossmonster_kennysheep, bailey

Skill      XL: |  1  2  3  4  5  6  7  8  9 10 |
---------------+-------------------------------+-----
Spellcasting   | 5 6 7 |  7.1
Invocations    | 1 2 3 4 5 |  5.5
Fighting       | 1 2 3 4 5 |  5.0
Short Blades   | 1 2 3 4 5 |  5.0
Long Blades    | 1 2 3 4 5 |  5.0
Axes           | 1 2 3 4 5 |  5.0
Maces & Flails | 1 2 3 4 5 |  5.0
Polearms       | 1 2 3 4 5 |  5.0
Staves         | 1 2 3 4 5 |  5.0
Slings         | 1 2 3 4 5 |  5.0
Bows           | 1 2 3 4 5 |  5.0
Crossbows      | 1 2 3 4 5 |  5.0
Throwing       | 1 2 3 4 5 |  5.0
Armour         | 1 2 3 4 5 |  5.0
Shields        | 1 2 3 4 5 |  5.0
Unarmed Combat | 1 2 3 4 5 |  5.0
Evocations     | 1 2 3 4 5 |  5.0
Conjurations   | 1 2 3 4 |  4.1
Hexes          | 1 2 3 4 |  4.1
Necromancy     | 1 2 3 4 |  4.1
Translocations | 1 2 3 4 |  4.1
Transmutations | 1 2 3 4 |  4.1
Fire Magic     | 1 2 3 4 |  4.1
Ice Magic      | 1 2 3 4 |  4.1
Air Magic      | 1 2 3 4 |  4.1
Earth Magic    | 1 2 3 4 |  4.1
Poison Magic   | 1 2 3 4 |  4.1
Dodging        | 5 6 |  6.8
Stealth        | 5 6 |  6.6
Summonings     | 8 |  8.3

Action                   |  1- 3 |  4- 6 |  7- 9 | 10-12 || total
-------------------------+-------+-------+-------+-------++-------
Melee: Dagger            |    50 |   115 |    59 |       ||   224
       Unarmed           |     2 |       |       |       ||     2
       Bite              |     4 |    13 |    26 |     2 ||    45
       Punch             |     2 |     1 |     7 |     1 ||    11
       Short sword       |       |     5 |    96 |       ||   101
       Long sword        |       |       |    30 |    12 ||    42
Throw: Dart              |       |     3 |       |       ||     3
 Cast: Summon Small Mamm |    12 |       |       |       ||    12
       Call Imp          |     6 |    17 |    11 |       ||    34
       Call Canine Famil |     4 |    15 |    18 |     5 ||    42
       Summon Guardian G |       |    10 |    19 |       ||    29
       Poisonous Vapours |       |       |    12 |       ||    12
       Summon Lightning  |       |       |     9 |    14 ||    23
  Use: Scroll            |     1 |     6 |     6 |       ||    13
       Potion            |       |       |     1 |       ||     1
 Stab: Sleeping          |     5 |     7 |     4 |       ||    16
       Distracted        |       |     2 |     2 |     1 ||     5
Armor: Robe              |    11 |    20 |    38 |       ||    69
Dodge: Dodged            |    45 |   112 |   138 |    12 ||   307

Table legend: (Time is in decaauts)
 A = Elapsed time spent in this place.
 B = Non-inter-level travel time spent in this place.
 C = Inter-level travel time spent in this place.
 D = Time resting spent in this place.
 E = Time spent auto-exploring this place.
 F = Levels seen in this place.
 G = Mean time per level.
                   A        B        C        D        E       F      G
               +--------+--------+--------+--------+--------+-----+--------+
         Total |  12504 |  12214 |    290 |   4119 |   3505 |   9 | 1389.3 |
       Dungeon |  11988 |  11698 |    290 |   3959 |   3505 |   8 | 1498.5 |
        Bailey |    515 |    515 |      0 |    160 |      0 |   1 |  515.0 |
               +--------+--------+--------+--------+--------+-----+--------+

Top non-repeatable levels by time:
     D:3: 2833 daAuts
     D:1: 1764 daAuts
     D:4: 1627 daAuts
     D:2: 1547 daAuts
     D:6: 1476 daAuts
     D:7: 1417 daAuts
     D:5: 1211 daAuts
  Bailey: 515 daAuts
     D:8: 111 daAuts
